AoeStats
← 沐灵葵

African Clearing

506695265Analyzed
4v4 RM · 17d ago on Sep 14, 2026· 61m 38s· 8 players
Game mode
Random Map
Map size
Large (8 player)
Population
200
Speed
Normal
Resources
Standard
Victory
Conquest
Starting age
Dark Age
Ending age
Imperial Age
RankedLock teamsTeams togetherTeam positionsShared explorationLock speedFull tech treeHidden civsTurbo modeCheats
Victory
Defeat
🇺🇸 Franks · United States
958
+13
🇦🇺 Japanese · Australia
932
+14
🇨🇴 Turks · Colombia
928
+15
🇩🇰 Bulgarians · Denmark
884
+16
🇩🇪 Gurjaras · Germany
1010
-18
994
-19
🇹🇷 Mongols · Türkiye
867
-13
🇨🇳 Byzantines · China
714
-8
aegilello
5:35 Loom
14:19 Feudal Age
20:54 Wheelbarrow
22:34 Castle Age
21:56 Wheelbarrow
31:52 Gold Mining
31:53 Stone Mining
31:57 Double-Bit Axe
38:21 Imperial Age
35:50 Town Watch
36:53 Hand Cart
38:00 Forging
37:59 Scale Barding Armor
38:34 Gold Shaft Mining
38:18 Bow Saw
41:42 Iron Casting
41:28 Chain Barding Armor
40:32 Cavalier
41:13 Husbandry
41:37 Murder Holes
42:03 Ballistics
42:16 Arson
42:32 Squires
42:37 Chivalry
43:47 Blast Furnace
43:23 Plate Barding Armor
43:15 Paladin
43:59 Scale Mail Armor
46:09 Pikeman
47:14 Conscription
47:30 Hoardings
47:51 Halberdier
47:56 Elite Throwing Axeman
48:57 #83
53:25 Chemistry
52:32 Siege Engineers
52:43 Masonry
56:41 Chain Mail Armor
56:18 Fletching
DOZZER
15:58 Feudal Age
16:38 Horse Collar
16:45 Double-Bit Axe
20:35 Man-at-Arms
21:42 Forging
21:33 Scale Mail Armor
22:39 Arson
29:49 Castle Age
33:44 Bow Saw
33:37 Heavy Plow
34:38 Squires
37:10 Loom
41:23 Imperial Age
39:32 Gold Mining
40:10 Chain Mail Armor
42:08 Iron Casting
42:32 Elite Samurai
43:48 Plate Mail Armor
44:19 Blast Furnace
48:59 Elite Skirmisher
49:45 Thumb Ring
49:44 Fletching
49:54 Padded Archer Armor
51:37 Bodkin Arrow
51:58 Leather Archer Armor
52:25 Bracer
Brabus88
5:30 Loom
17:58 Feudal Age
19:24 Double-Bit Axe
20:39 Wheelbarrow
25:33 Castle Age
24:26 Stone Mining
24:34 Gold Mining
27:17 Bow Saw
28:56 Gambesons
30:26 Horse Collar
31:37 Forging
32:02 Heavy Plow
36:43 Iron Casting
36:09 Scale Mail Armor
37:43 Hand Cart
41:40 Imperial Age
39:55 Gold Shaft Mining
42:30 Arson
42:45 Squires
42:06 Pikeman
44:04 Halberdier
45:11 Chain Mail Armor
45:57 Blast Furnace
45:02 Scale Barding Armor
46:08 Caravan
48:56 Plate Mail Armor
50:54 Crop Rotation
50:32 Elite Konnik
56:48 Chain Barding Armor
56:52 Heavy Scorpion
Judaaf
9:43 Loom
25:59 Feudal Age
26:28 Arson
26:04 Man-at-Arms
26:56 Horse Collar
27:13 Double-Bit Axe
37:19 Castle Age
38:19 Wheelbarrow
38:21 Bow Saw
38:14 Heavy Plow
38:44 Bloodlines
39:31 Hand Cart
39:53 Husbandry
44:17 Squires
56:28 Stone Mining
Thorin escudo de Roble
1318882408
3:46 Loom
13:52 Feudal Age
14:41 Man-at-Arms
26:47 Castle Age
26:09 Forging
27:06 Long Swordsman
30:43 Fletching
32:34 Bodkin Arrow
32:40 Padded Archer Armor
37:57 Imperial Age
38:34 Leather Archer Armor
39:30 Husbandry
40:44 Wheelbarrow
40:25 Town Watch
42:54 Bloodlines
43:19 Elite Elephant Archer
43:36 Heavy Camel Rider
45:06 Hand Cart
45:08 Scale Barding Armor
45:39 Iron Casting
46:09 Light Cavalry
49:48 Double-Bit Axe
49:38 Hussar
50:39 Thumb Ring
51:40 Ballistics
52:20 Chemistry
52:28 Chain Barding Armor
52:08 Bracer
ertk
3:28 Loom
12:41 Feudal Age
16:10 Wheelbarrow
19:15 Castle Age
17:07 Double-Bit Axe
18:04 Bloodlines
17:48 Horse Collar
27:54 Scale Barding Armor
33:23 Bow Saw
33:16 Heavy Plow
33:55 Padded Archer Armor
33:46 Fletching
34:06 Forging
33:57 Scale Mail Armor
34:17 Chain Barding Armor
38:15 Imperial Age
38:26 Leather Archer Armor
38:06 Bodkin Arrow
38:47 Iron Casting
38:27 Chain Mail Armor
40:06 Drill
40:09 Conscription
39:18 Capped Ram
40:35 Heavy Camel Rider
41:15 Husbandry
40:42 Siege Ram
41:59 Elite Mangudai
42:10 Pikeman
42:50 Squires
43:51 Plate Mail Armor
49:50 Light Cavalry
51:25 Bracer
52:26 Blast Furnace
51:44 Man-at-Arms
52:24 Hussar
53:42 Heavy Scorpion
53:49 Long Swordsman
56:25 Onager
57:23 Caravan
沐灵葵
19:31 Feudal Age
21:37 Wheelbarrow
21:12 Double-Bit Axe
21:13 Horse Collar
27:08 Man-at-Arms
33:42 Castle Age
32:28 Gold Mining
32:35 Stone Mining
34:43 Hand Cart
36:26 Stone Shaft Mining
36:06 Bow Saw
36:51 Heavy Plow
40:07 Fishing Lines
43:34 Imperial Age
42:51 Husbandry
43:53 Squires
43:14 Pikeman
46:13 Two-Man Saw
45:49 Crop Rotation
45:59 Gold Shaft Mining
46:03 Scale Mail Armor
46:16 Halberdier
48:29 Conscription
50:28 Logistica
51:57 Elite Cataphract
53:43 Scale Barding Armor
53:49 Forging
57:47 Chain Mail Armor
Connection lost

Rejoining the realm…

Still unreachable

The connection could not be restored.

Session expired

The server has moved on; the page needs a fresh start.